 Dungeon Crawl Stone Soup version 0.21.1-1-g345015f (webtiles) character file.

79 4thArraOfDagon the Grave Robber (level 4, -2/36 HPs)
             Began as a Deep Dwarf Necromancer on June 8, 2018.
             Was an Initiate of Makhleb.
             Slain by a hobgoblin
             ... wielding a +0 club
              (4 damage)
             ... on level 1 of the Dungeon.
             The game lasted 00:03:26 (523 turns).

4thArraOfDagon the Grave Robber (DDNe)               Turns: 523, Time: 00:03:27

Health: -2/36      AC:  1    Str: 12    XL:     4   Next: 16%
Magic:  2/7        EV: 12    Int: 16    God:    Makhleb [......]
Gold:   21         SH:  0    Dex: 13    Spells: 4/8 levels left

rFire    . . .     SeeInvis .   (no weapon)
rCold    . . .     Gourm    .   (no shield)
rNeg     . . .     Faith    .   a - +0 robe
rPois    .         Spirit   .   (no helmet)
rElec    .         Reflect  .   (no cloak)
rCorr    .         Harm     .   (no gloves)
MR       .....                  (no boots)
Stlth    +++.......             (no amulet)
HPRegen  0.00/turn              (no ring)
MPRegen  0.10/turn              (no ring)

@: non-regenerating
A: damage resistance, heal wounds, camouflage 1, deformed body, sense
surroundings 1, MP-powered wands, no regeneration
a: Heal Wounds, Renounce Religion


You were on level 1 of the Dungeon.
You worshipped Makhleb.
Makhleb was noncommittal.
You were not hungry.

You visited 2 branches of the dungeon, and saw 5 of its levels.

You collected 21 gold pieces.

Inventory:

Armour
 a - a +0 robe (worn)
Scrolls
 d - a scroll of blinking {unknown}
 e - a scroll of fear {unknown}
 g - a scroll of remove curse {unknown}
Potions
 f - 2 potions of invisibility {unknown}
Books
 b - a book of Necromancy

   Spells                             Type                      Level
   a - Pain                           Necromancy                   1
   b - Animate Skeleton               Necromancy                   1
   c - Vampiric Draining              Necromancy                   3
   d - Regeneration                   Charms/Necromancy            3
   e - Animate Dead                   Necromancy                   4
   f - Borgnjor's Vile Clutch         Necromancy/Earth             5
Comestibles
 c - 4 rations


   Skills:
 - Level 2.1 Dodging
 - Level 2.4 Stealth
 + Level 2.5 Spellcasting
 * Level 5.7 Necromancy


You had 4 spell levels left.
You knew the following spells:

 Your Spells              Type           Power        Failure   Level  Hunger
a - Pain                  Necr           ###.         1%          1    #......
b - Vampiric Draining     Necr           ###.......   5%          3    ###....


Dungeon Overview and Level Annotations

Branches:
Dungeon (4/15)             Temple (1/1) D:4

Altars:
Ashenzari
Cheibriados
Dithmenos
Elyvilon
Fedhas
Hepliaklqana
Kikubaaqudgha
Makhleb
Nemelex Xobeh
Okawaru
Qazlal
Ru
Sif Muna
Trog
Uskayaw
Vehumet
Wu Jian
Xom
Yredelemnul
Zin
The Shining One

Annotations:
D:4 Amon001's ghost, amateur GrFi


Innate Abilities, Weirdness & Mutations

You are resistant to damage.
You can heal yourself by infusing magical energy.
You passively map a small area around you.
You do not regenerate.
Your skin changes colour to match your surroundings (Stealth+).
Armour fits poorly on your strangely shaped body.
You expend magic power (3 MP) to strengthen your wands.


Message History

A bat and a goblin come into view.
Found a ration.
A hobgoblin comes into view. It is wielding a club.
Unknown command.
What are your orders? t - Shout!
Orders for allies: a - Attack new target. r - Retreat! s - Stop attacking. g - Guard the area. f - Follow me.
Anything else - Cancel.
You shout for attention!
The goblin shouts!
Unknown command.
Unknown command.
The bat hits you. The bat hits you but does no damage. The bat hits you.
The hobgoblin hits you with a club.
* * * LOW HITPOINT WARNING * * *
You barely miss the bat. The bat barely misses you.
The hobgoblin hits you with a club.
You die...

,................>..#
*##.....##.####.## *
#....###.# *.# * * #.#.##
#.# .# * , , #.#.# #.#
.., , * * #.#[####.# ..*
*, #........####..# ,,
##...####... ... *
*##.@...###.#. . #*
##.b.g........ ..
,#...####.........## *b##
.......'.....gg..#,*...#
*,,
,....####........g#*.....
, # , ##........#......
##.....#.g....%. *
......#...##.#...... *
#####.##'###.#*.....


You could see 2 hobgoblins, 3 goblins and a bat.

Vanquished Creatures
  An iguana (D:4)
  2 adders
  A gnoll (D:4)
  An adder skeleton (D:4)
  A dart slug (D:2)
  A leopard gecko (D:3)
  3 orcs (D:3)
  3 goblins
  A hobgoblin (D:2)
  A bat (D:1)
  2 frilled lizards (D:4)
  2 kobolds (D:1)
  2 rats
21 creatures vanquished.

Notes
Turn   | Place    | Note
-------+----------+-------------------------------------------
     0 | D:1      | 4thArraOfDagon the Deep Dwarf Necromancer began the quest for the Orb.
     0 | D:1      | Reached XP level 1. HP: 15/15 MP: 3/3
   108 | D:3      | Reached XP level 2. HP: 22/22 MP: 5/5
   114 | D:3      | Reached skill level 5 in Necromancy
   219 | D:4      | Gained mutation: Armour fits poorly on your strangely shaped body. [potion of mutation]
   219 | D:4      | Gained mutation: You expend magic power (3 MP) to strengthen your wands. [potion of mutation]
   219 | D:4      | Gained mutation: Your skin changes colour to match your surroundings (Stealth+). [potion of mutation]
   222 | D:4      | Reached XP level 3. HP: 28/28 MP: 3/6
   229 | D:4      | Learned a level 3 spell: Vampiric Draining
   329 | D:4      | Noticed Amon001's ghost (amateur GrFi)
   340 | D:4      | Found a staircase to the Ecumenical Temple.
   353 | Temple   | Entered the Ecumenical Temple
   381 | Temple   | Became a worshipper of Makhleb the Destroyer
   418 | D:3      | wow
   452 | D:2      | Reached XP level 4. HP: 9/36 MP: 0/7
   523 | D:1      | Slain by a hobgoblin

Skill      XL: |  1  2 |
---------------+-------+-----
Spellcasting   | 2 |  2.5
Necromancy     | 5 |  5.7
Dodging        | |  2.1
Stealth        | |  2.4

Action                   |  1- 3 |  4- 6 || total
-------------------------+-------+-------++-------
Melee: Unarmed           |    35 |    14 ||    49
 Cast: Pain              |    15 |     6 ||    21
       Vampiric Draining |     3 |       ||     3
  Use: Potion            |     6 |       ||     6
Armor: Skin              |    19 |       ||    19
       Robe              |     4 |     2 ||     6
Dodge: Dodged            |    30 |     9 ||    39
